 Dungeon Crawl Stone Soup version 0.20-a0-301-g264e157 (webtiles) character file.

203 Junicave the Sneak (level 5, -3/31 HPs)
             Began as an Octopode Earth Elementalist on Dec 16, 2016.
             Was an Initiate of Vehumet.
             Slain by a gnoll
             ... wielding a +0 vampiric spear
              (10 damage)
             ... on level 4 of the Dungeon.
             The game lasted 00:19:04 (5912 turns).

Junicave the Sneak (Octopode Earth Elementalist)    Turns: 5912, Time: 00:19:05

Health: -3/31      AC:  1    Str:  8    XL:     5   Next: 81%
Magic:  6/9        EV: 13    Int: 18    God:    Vehumet [......]
Gold:   187        SH:  3    Dex: 12    Spells: 6/10 levels left

rFire  . . .     SeeInvis .     q - +0 rapier
rCold  . . .     Gourm    .     (no shield)
rNeg   . . .     Faith    .     (helmet restricted)
rPois  .         Spirit   .     s - +3 amulet of reflection
rElec  .         Reflect  +     (no ring)
rCorr  .         Harm     .     (no ring)
MR     .....                    (no ring)
Stlth  +++.......               (no ring)
                                (no ring)
                                (no ring)
                                (no ring)
                                (no ring)

@: drained
A: almost no armour, stealthy swim, amphibious, 8 rings, constrict 8, camouflage
1, gelatinous body 1
a: Renounce Religion


You were on level 4 of the Dungeon.
You worshipped Vehumet.
Vehumet was noncommittal.
You were very hungry.

You visited 2 branches of the dungeon, and saw 5 of its levels.

You collected 187 gold pieces.

Inventory:

Hand Weapons
 e - a +0 whip
 g - a +0 mace
 q - a +0 rapier (weapon)
Missiles
 b - 77 stones (quivered)
Jewellery
 s - a +3 amulet of reflection (around mantle)
 A - an uncursed ring of positive energy {unknown}
Scrolls
 a - 3 scrolls of teleportation {unknown}
 c - a scroll of blinking {unknown}
 f - 5 scrolls of identify {unknown}
 j - a scroll of remove curse {unknown}
 k - a scroll of fear {unknown}
 l - a scroll of magic mapping {unknown}
 o - 3 scrolls of random uselessness {unknown}
 t - 2 scrolls of immolation {unknown}
 u - 2 scrolls of noise {unknown}
 v - a scroll of amnesia {unknown}
Potions
 h - a potion of cancellation {unknown}
 i - 2 potions of heal wounds {unknown}
 m - 5 potions of brilliance {unknown}
 n - a potion of flight {unknown}
 r - a potion of might {unknown}
 w - a potion of agility {unknown}
 z - a potion of magic {unknown}
Books
 d - a book of Geomancy

   Spells                             Type                      Level
   a - Sandblast                      Earth                        1
   b - Passwall                       Transmutation/Earth          2
   c - Stone Arrow                    Conjuration/Earth            3
   d - Petrify                        Transmutation/Earth          4
   e - Lee's Rapid Deconstruction     Earth                        5
 y - a book of Necromancy

   Spells                             Type                      Level
   a - Pain                           Necromancy                   1
   b - Animate Skeleton               Necromancy                   1
   c - Vampiric Draining              Necromancy                   3
   d - Regeneration                   Charms/Necromancy            3
   e - Animate Dead                   Necromancy                   4
   f - Control Undead                 Necromancy                   4
Comestibles
 p - 3 meat rations
 x - a bread ration


   Skills:
 + Level 3.2(2.4) Dodging
 + Level 4.6(3.8) Stealth
 * Level 3.1(2.3) Spellcasting
 + Level 0.4(0.0) Conjurations
   Level 1.0(0.2) Transmutations
 + Level 4.0(3.2) Earth Magic


You had 6 spell levels left.
You knew the following spells:

 Your Spells              Type           Power        Failure   Level  Hunger
a - Sandblast             Erth           ##....       6%          1    #......
b - Stone Arrow           Conj/Erth      #.....       30%         3    ###....


Dungeon Overview and Level Annotations

Branches:
Dungeon (4/15)             Temple (1/1) D:4

Altars:
Ashenzari
Cheibriados
Gozag
Makhleb
Nemelex Xobeh
Okawaru
Ru
Sif Muna
Vehumet
Xom
The Shining One
Jiyva

Annotations:
D:4 Sigmund


Innate Abilities, Weirdness & Mutations

You cannot wear most types of armour.
You are very stealthy in the water. (Stealth+)
You are amphibious.
You can wear up to eight rings at the same time.
You can use your tentacles to constrict eight enemies at once.
Your skin changes colour to match your surroundings (Stealth+).
Your rubbery body absorbs attacks. (AC +1, EV +1)


Message History

* * * LOW HITPOINT WARNING * * *
You hit the gnoll but do no damage. You grab the gnoll.
The gnoll is severely wounded.
You constrict the gnoll, but do no damage.
The gnoll hits you from afar with a vampiric spear.
* * * LOW HITPOINT WARNING * * *
The gnoll hits you but does no damage. The gnoll completely misses you.
You hit the gnoll.
You kill the gnoll!
Vehumet accepts your kill. You block the gnoll's attack.
There is an open door here.
Things that are here:
a spear; a gnoll corpse There's something blocking the doorway.
You see here a large glass ring.
A - a large glass ring You block the gnoll's attack.
The gnoll hits you from afar with a vampiric spear!
You die...

..# ...# .#.....###...
#### .'......#...
###.........+
.............#
..#.>...............#
..#.................#
..'.................#
..#.............@...#
..#...........g.....#
..#....####.........##
..#....#..#.............
..#....#).)....###+#....
..#....'..#....# ....
..#....#..#?...# ...
###....#..#....# ..
.......#########


You could see a gnoll.

Vanquished Creatures
  An orc wizard (D:4)
  6 gnolls
  3 adders
  7 dart slugs
  3 leopard geckos
  6 orcs
  2 giant cockroaches (D:2)
  12 goblins
  6 hobgoblins
  A jackal (D:1)
  6 kobolds
  A quokka (D:3)
  8 bats
  4 frilled lizards
  A jackal skeleton (D:4)
  A quokka skeleton (D:4)
  5 rats
73 creatures vanquished.

Notes
Turn   | Place    | Note
-------+----------+-------------------------------------------
     0 | D:1      | Junicave the Octopode Earth Elementalist began the quest for the Orb.
     0 | D:1      | Reached XP level 1. HP: 11/11 MP: 3/3
   122 | D:1      | Reached XP level 2. HP: 14/17 MP: 5/5
   488 | D:1      | Reached XP level 3. HP: 17/21 MP: 6/6
  1599 | D:2      | You fall through a shaft!
  1758 | D:2      | Reached XP level 4. HP: 21/27 MP: 6/8
  3265 | D:3      | Found a shimmering altar of Xom.
  3267 | D:3      | Found a radiant altar of Vehumet.
  3267 | D:3      | Found a hide-covered altar of Uskayaw.
  3271 | D:3      | Found an opulent altar of Gozag.
  3271 | D:3      | Found a shadowy altar of Dithmenos.
  3271 | D:3      | Found a shadowy altar of Dithmenos.
  3284 | D:3      | Reached XP level 5. HP: 31/31 MP: 7/9
  3380 | D:3      | Found an opulent altar of Gozag.
  3724 | D:3      | Found a sparkling altar of Nemelex Xobeh.
  4057 | D:3      | Found a shimmering altar of Xom.
  4224 | D:3      | Found a sparkling altar of Nemelex Xobeh.
  4326 | D:3      | Found an opulent altar of Gozag.
  4544 | D:3      | Found a shimmering altar of Xom.
  4714 | D:3      | Found a sparkling altar of Nemelex Xobeh.
  4816 | D:3      | Found an opulent altar of Gozag.
  5017 | D:4      | Found a staircase to the Ecumenical Temple.
  5037 | Temple   | Entered the Ecumenical Temple
  5072 | Temple   | Became a worshipper of Vehumet
  5537 | D:4      | Learned a level 3 spell: Stone Arrow
  5823 | D:4      | Noticed Sigmund
  5912 | D:4      | Slain by a gnoll

Vault maps used:
D:1:      lightli_arrival_statuegarden, minmay_misc_feat_encased,
          minmay_domino_2
D:2:      minmay_door_path, hex_large
D:3:      grunt_gozag_statues, doesnt_xom_only_xom,
          lemuel_coloured_pillars_altar
D:4:      first_bread, okawaru_ov_weapons_minmay, uniq_sigmund
Temple:   pf_slime_end_temple

Skill      XL: |  1  2  3  4  5 |
---------------+----------------+-----
Stealth        | 3 4 |  4.6
Spellcasting   | 3 |  3.1
Dodging        | 3 |  3.2
Earth Magic    | 4 |  4.0
Conjurations   | |  0.4
Transmutations | |  1.0

Action                   |  1- 3 |  4- 6 || total
-------------------------+-------+-------++-------
Melee: Whip              |     9 |       ||     9
       Constrict         |    15 |    25 ||    40
       Unarmed           |     2 |       ||     2
       Tentacles         |    10 |    13 ||    23
       Mace              |    46 |     4 ||    50
       Rapier            |       |   100 ||   100
 Cast: Sandblast         |    13 |    24 ||    37
 Stab: Sleeping          |     9 |     2 ||    11
  Eat: Chunk             |     3 |     7 ||    10
       Bread ration      |       |     1 ||     1
Armor: Skin              |     2 |    13 ||    15
Dodge: Dodged            |    36 |    68 ||   104
Block: Other             |       |    16 ||    16
